 Dungeon Crawl Stone Soup version bcrawl-1.23 (webtiles) character file.

Game seed: 2941201583926283291

79 Morbidden the Ruffian (level 4, -5/35 HPs)
             Began as a Draconian Transmuter on May 30, 2020.
             Killed by divine providence
             ... invoked by an orc priest
              (16 damage)
             ... on level 3 of the Dungeon.
             The game lasted 00:02:04 (1891 turns).

Morbidden the Ruffian (Draconian Transmuter)        Turns: 1891, Time: 00:02:05

Health: -5/35      AC:  5    Str: 14    XL:     4   Next: 16%
Magic:  6/7        EV: 12    Int: 13    God:
Gold:   79         SH:  0    Dex: 11    Spells: 7/8 levels left

rFire    . . .     SeeInvis .     - Unarmed
rCold    . . .     Gourm    .   (no shield)
rNeg     . . .     Faith    .   (armour unavailable)
rPois    .         Spirit   .   (helmet restricted)
rElec    .         Reflect  .   (no cloak)
rCorr    .         Harm     .   (no gloves)
MR       .....                  (boots currently unavailable)
Stlth    +.........             (no amulet)
HPRegen  0.11/turn              (no ring)
MPRegen  0.10/turn              (no ring)

@: appendage
A: unfitting armour, talons 3, cold-blooded, AC +5
a: End Transformation


You were on level 3 of the Dungeon.
You were not hungry.
You had grown temporary talons.
You visited 1 branch of the dungeon, and saw 3 of its levels.

You collected 79 gold pieces.

Inventory:

Missiles
 a - 507 arrows
 l - 22 javelins (quivered)
Scrolls
 b - a scroll of enchant armour {unknown}
 d - 2 scrolls of teleportation {unknown}
 f - a scroll of fog {unknown}
 g - 2 scrolls of identify {unknown}
 h - a scroll of enchant weapon {unknown}
 m - a scroll of blinking {unknown}
 p - a scroll of remove curse {unknown}
Potions
 c - a potion of lignification
 i - 3 potions of degeneration {unknown}
 j - 2 potions of might {unknown}
 n - a potion of brilliance {unknown}
 o - a potion of curing {unknown}
Comestibles
 e - 3 rations {!d}
 k - 3 chunks of flesh


   Skills:
 * Level 1.6 Fighting
 + Level 0.1 Throwing
 + Level 2.0 Dodging
 + Level 3.3 Unarmed Combat
 * Level 2.6 Spellcasting
 * Level 3.2 Transmutations


You had 7 spell levels left.
You knew the following spells:

 Your Spells              Type           Power        Failure   Level  Hunger
a - Beastly Appendage     Tmut           ##....       6%          1    #......

Your spell library contained the following spells:

 Spells                   Type           Power        Failure   Level  Hunger
 Sticks to Snakes         Tmut           ##......     10%         2    ###....
 Spider Form              Tmut/Pois      #..          36%         3    ###....
 Ice Form                 Ice/Tmut       #.......     77%         4    #####..
 Blade Hands              Tmut           ##........   87%         5    ######.


Dungeon Overview and Level Annotations

Branches:
Dungeon (3/12)

Altars:
Kikubaaqudgha
Lugonu

Annotations:
D:3 Natasha


Innate Abilities, Weirdness & Mutations

Your plain brown scales are hard. (AC +5)
You cannot fit into any form of body armour.
You are cold-blooded and may be slowed by cold attacks.
You have claws for feet.


Message History

Throwing (i - inventory)
l - 24 javelins (quivered)
Press: ? - help, Shift-Dir - straight line, f/p - orc priest
Aim: an orc priest, wielding a +0 trident (lightly wounded)
You throw a javelin.
The javelin barely misses the orc priest.
An adder comes into view.
Throwing (i - inventory)
l - 23 javelins (quivered)
Press: ? - help, Shift-Dir - straight line, f/p - orc priest
Aim: an orc priest, wielding a +0 trident (lightly wounded)
You throw a javelin. The javelin hits the orc priest.
The orc priest is heavily wounded.
The orc priest invokes the aid of Beogh against you.
Pain shoots through your body!
* * * LOW HITPOINT WARNING * * *
Casting: Beastly Appendage (safe; 6% risk of failure)
Confirm with . or Enter, or press ? or * to list all spells.
Your feet morph into talons.
The orc priest mumbles some strange prayers to Beogh against you.
Beogh smites you!
You die...

...( #.#...#
.....#...o.#
..o(....)#.#
#.###.#(...+
#. .. #.##.#
#.## #)##.#
#.## #S##.#
#..# #o##$#
#..# #@# .#
#..####)#
#.......#
##.#######
#.......#
#..####(#
####..#
#....[#
#.#...####


You could see an orc priest and an adder.

Vanquished Creatures
  An orc priest (D:3)
  2 adders
  An ooze (D:2)
  2 dart slugs
  2 leopard geckos (D:2)
  4 orcs (D:3)
  2 goblins (D:3)
  2 hobgoblins (D:1)
  2 bats (D:1)
  A frilled lizard (D:1)
  2 kobolds (D:2)
  A rat (D:2)
22 creatures vanquished.

Vanquished Creatures (others)
  A human (D:2)
1 creature vanquished.

Grand Total: 23 creatures vanquished

Notes
Turn   | Place    | Note
-------+----------+-------------------------------------------
     0 | D:1      | Morbidden the Draconian Transmuter began the quest for the
                  | Orb.
     0 | D:1      | Reached XP level 1. HP: 16/16 MP: 3/3
   919 | D:2      | Reached XP level 2. HP: 23/23 MP: 3/5
  1208 | D:2      | Found a corrupted altar of Lugonu.
  1298 | D:2      | Found an ancient bone altar of Kikubaaqudgha.
  1300 | D:2      | Noticed a human
  1301 | D:2      | Killed a human
  1584 | D:3      | Reached XP level 3. HP: 19/28 MP: 4/6
  1730 | D:3      | Noticed Natasha
  1846 | D:3      | Reached XP level 4. HP: 27/35 MP: 5/7
  1891 | D:3      | Killed from afar by an orc priest

Skill      XL: |  1  2  3 |
---------------+----------+-----
Transmutations | 3 |  3.2
Dodging        | 2 |  2.0
Fighting       | |  1.6
Throwing       | |  0.1
Unarmed Combat | |  3.3
Spellcasting   | |  2.6

Action                   |  1- 3 |  4- 6 || total
-------------------------+-------+-------++-------
Melee: Unarmed           |    81 |    14 ||    95
       Tailslap          |     6 |     2 ||     8
       Kick              |     5 |     1 ||     6
       Punch             |     2 |       ||     2
Throw: Javelin           |     6 |    13 ||    19
 Cast: Beastly Appendage |    16 |     2 ||    18
  Eat: Chunk             |     3 |       ||     3
Armor: Skin              |    29 |     1 ||    30
Dodge: Dodged            |    75 |     8 ||    83
